Kradschützen Motorcycle Team
Selects Italian Combined Arms Battlegroup
Selects Bersaglieri Squad
Construct Light Support Kompanie
Selects Bersaglieri Bolster
Construct Mechanized Kompanie
Marder III Tank Destroyer
Selects Semovente da 75/18 Assault Gun
18-tonne Recovery Half-track
Construct Panzerarmee Kommand
Selects Breda Model 30 Light Machine Guns
Walking Stuka Rocket Launcher
18-tonne Recovery Half-track